Map: Site Delta LE

Players

Triumvirate - Winner!

  • Race: Protoss Protoss
  • League: Diamond
  • Spawn Location: 11:00

SubN

  • Race: Zerg Zerg
  • League: Diamond
  • Spawn Location: 5:00

VOD

Have the link to the VOD?

Description

Time

  • Played on: Dec. 18, 2023, 12:20 p.m.
  • Length: 19:08
Show
View Real Time Build Order
Export as new Build Order

Triumvirate Protoss - Winner!

Build Orders: Cannon Rush 

Get SALT Encoding   

  12  0:02  Probe  
  13  0:14  Probe  
  14  0:21  Pylon  
  14  0:26  Probe  
  15  0:39  Probe  
  16  0:43  Pylon  
  16  0:56  Gateway, Probe  
  17  1:08  Probe  
  17  1:10  Forge  
  18  1:14  Pylon  
  18  1:43  Photon Cannon  
  18  1:52  Probe  
  18  1:54  Photon Cannon  
  19  1:56  Photon Cannon  
  19  2:00  Assimilator  
  19  2:05  Cybernetics Core  
  19  2:15  Photon Cannon  
  19  2:23  Probe (Chrono Boost)  
  20  2:34  Probe (Chrono Boost)  
  21  2:39  Probe (Chrono Boost)  
  22  2:49  Nexus  
  22  2:52  Probe  
  23  3:01  Assimilator  
  23  3:03  Pylon  
  22  3:07  Probe  
  23  3:19  Probe  
  24  3:24  Photon Cannon  
  24  3:28  Shield Battery  
  24  3:40  Stargate  
  24  3:46  Warp Gate  
  24  3:49  Probe  
  25  3:55  Photon Cannon  
  25  4:01  Probe (Chrono Boost)  
  26  4:03  Probe (Chrono Boost)  
  27  4:13  Probe (Chrono Boost)  
  27  4:15  Probe (Chrono Boost)  
  29  4:21  Probe (Chrono Boost)  
  29  4:22  Probe (Chrono Boost)  
  31  4:24  Stargate  
  31  4:27  Probe  
  31  4:31  Photon Cannon  
  32  4:37  Probe (Chrono Boost)  
  33  4:39  Probe (Chrono Boost)  
  34  4:48  Probe (Chrono Boost)  
  34  4:49  Probe (Chrono Boost)  
  34  4:52  Stalker  
  38  4:53  Probe (Chrono Boost)  
  38  4:55  Probe (Chrono Boost)  
  40  5:02  Probe  
  40  5:03  Pylon  
  40  5:06  Pylon, Probe  
  46  5:14  Void Ray  
  46  5:27  Void Ray  
  50  5:28  Probe  
  50  5:29  Probe  
  50  5:31  Assimilator  
  50  5:33  Assimilator  
  50  5:35  Pylon, Stalker  
  54  5:52  Pylon  
  54  5:55  Pylon  
  58  5:57  Void Ray  
  58  6:19  Probe x2  
  60  6:27  Pylon  
  60  6:29  Pylon, Stalker  
  60  6:31  Probe x2  
  64  6:35  Twilight Council  
  64  6:36  Pylon  
  64  6:38  Robotics Facility  
  64  6:43  Probe x2  
  64  6:45  Pylon  
  66  6:55  Probe  
  71  7:11  Charge  
  71  7:13  Void Ray  
  71  7:14  Gateway  
  71  7:15  Gateway  
  71  7:18  Gateway  
  71  7:26  Templar Archives  
  71  7:35  Gateway  
  71  7:38  Probe x2  
  73  7:50  Probe  
  73  7:51  Nexus  
  78  7:52  Pylon  
  78  7:55  Pylon  
  78  7:56  Probe (Chrono Boost), Void Ray  
  79  8:02  Probe (Chrono Boost)  
  80  8:08  Probe (Chrono Boost)  
  80  8:10  Observer  
  80  8:11  High Templar x2  
  80  8:12  Probe (Chrono Boost), Zealot  
  89  8:14  Probe (Chrono Boost)  
  89  8:16  Archon  
  89  8:18  Probe (Chrono Boost)  
  91  8:21  Probe (Chrono Boost), Photon Cannon  
  92  8:29  Probe (Chrono Boost)  
  92  8:31  High Templar  
  92  8:32  High Templar  
  92  8:33  Probe (Chrono Boost)  
  98  8:35  Psionic Storm  
  98  8:36  Probe (Chrono Boost)  
  98  8:37  Archon  
  99  8:49  Zealot x2  
  103  8:56  Probe x2  
  103  8:59  Assimilator  
  103  9:00  Protoss Ground Weapons Level 1 (Chrono Boost)  
  103  9:01  Protoss Air Weapons Level 1  
  105  9:14  Photon Cannon  
  105  9:15  Assimilator  
  105  9:23  Probe x3  
  108  9:29  Zealot x2  
  108  9:30  Zealot x2  
  116  9:34  Nexus  
  116  9:35  Probe  
  116  9:36  Immortal, Pylon  
  121  9:38  Pylon  
  121  9:48  Probe  
  121  9:49  Probe x2  
  124  9:56  Photon Cannon  
  124  9:58  Photon Cannon  
  124  10:00  Probe  
  124  10:01  Probe x2  
  124  10:04  High Templar x4  
  135  10:13  Probe x3  
  138  10:15  Warp Prism  
  138  10:16  Gateway  
  138  10:19  Gateway  
  138  10:20  Gateway  
  138  10:21  Photon Cannon  
  140  10:25  Probe x3  
  140  10:27  Gateway  
  143  10:39  Pylon  
  143  10:40  High Templar x4  
  151  10:43  Pylon, Probe  
  151  10:44  Pylon, Probe x2  
  151  10:47  Assimilator  
  151  10:49  Pylon  
  154  10:52  Assimilator  
  154  10:56  Robotics Bay, Probe  
  155  11:02  Stargate  
  155  11:08  Photon Cannon  
  155  11:09  Pylon  
  155  11:11  Photon Cannon  
  156  11:12  Photon Cannon  
  156  11:13  Observer  
  156  11:18  Zealot x7  
  179  11:34  Observer  
  179  11:36  Void Ray x2  
  179  11:37  Zealot  
  179  11:38  Protoss Ground Weapons Level 2 (Chrono Boost)  
  181  11:46  Stalker  
  183  11:47  Protoss Air Armor Level 1, Zealot x3  
  183  11:48  Zealot x3  
  181  12:15  Archon x3  
  161  12:18  Zealot x8  
  161  12:19  Void Ray  
  165  12:28  Gravitic Boosters  
  157  12:44  Void Ray x2, Zealot x3  
  157  13:02  Void Ray  
  157  13:09  Colossus  
  163  13:13  Stalker  
  163  13:15  Stalker x6  
  172  13:25  Extended Thermal Lance  
  170  13:27  Void Ray x2  
  170  13:33  Zealot  
  152  13:44  Zealot x7  
  126  13:59  Zealot  
  126  14:02  Colossus  
  128  14:06  Shield Battery  
  134  14:15  High Templar x4  
  134  14:16  Nexus  
  154  14:17  Void Ray x3  
  154  14:19  Archon x2  
  154  14:28  Zealot x4  
  162  14:42  Probe x4  
  166  14:46  Pylon  
  166  14:54  Probe x2  
  166  14:57  Zealot x2  
  166  14:58  Zealot x4  
  166  14:59  Observer  
  185  15:00  Void Ray  
  185  15:10  High Templar x2  
  189  15:14  Archon  
  189  15:19  High Templar x5  
  189  15:21  Observer  
  200  15:35  Zealot  
  160  15:39  Immortal  
  154  15:43  Zealot x2  
  154  15:49  Photon Cannon  
  158  15:53  Shield Battery  
  158  15:54  Photon Cannon  
  158  15:55  Photon Cannon  
  158  15:56  Stalker  
  158  15:57  Stalker x5  
  176  16:05  Void Ray x2  
  176  16:06  Protoss Ground Weapons Level 3 (Chrono Boost)  
  144  16:33  Probe x3 (Chrono Boost)  
  144  16:34  Probe x2 (Chrono Boost)  
  148  16:43  Probe (Chrono Boost), Photon Cannon  
  148  16:44  Probe x4 (Chrono Boost)  
  147  16:48  Probe x4 (Chrono Boost)  
  137  16:54  High Templar  
  137  16:55  High Templar x7  
  137  16:59  Archon x3  
  137  17:00  Archon  
  135  17:18  Photon Cannon  
  135  17:20  Probe x2  
  135  17:21  Probe, Photon Cannon  
  135  17:22  Shield Battery  
  138  17:24  Photon Cannon  
  138  17:27  Stalker x6  
  138  17:28  Stalker x2  
  158  17:41  Void Ray  
  148  17:51  Zealot x5  
  150  17:52  Zealot x2  
  150  17:54  High Templar  
  164  18:00  Assimilator  
  164  18:02  Assimilator  
  162  18:36  Archon  
  141  18:42  Stalker x4  
  141  18:43  Stalker x4  
Show
View Real Time Build Order
Export as new Build Order

SubN Zerg 

Build Orders: Pool First 

Get SALT Encoding   

  12  0:00  Drone  
  13  0:09  Drone  
  13  0:12  Extractor  
  13  0:29  Spawning Pool  
  12  1:02  Hatchery  
  11  1:08  Drone  
  12  1:18  Queen  
  14  1:34  Metabolic Boost  
  14  1:38  Overlord  
  14  1:52  Overlord  
  14  2:02  Zergling x4  
  16  2:09  Zergling x2  
  17  2:29  Zergling x12  
  22  2:30  Zergling x2  
  19  3:09  Hatchery  
  15  3:29  Hatchery  
  15  3:32  Drone  
  15  3:33  Drone  
  16  3:38  Drone  
  17  3:46  Drone  
  17  3:48  Drone  
  19  3:52  Drone  
  20  3:57  Drone  
  21  4:03  Drone  
  21  4:06  Drone  
  23  4:14  Overlord  
  23  4:25  Queen  
  23  4:29  Drone  
  26  4:32  Drone  
  26  4:35  Drone  
  26  4:38  Drone  
  29  4:47  Queen  
  31  5:02  Spore Crawler x2  
  29  5:12  Spore Crawler  
  28  5:15  Spore Crawler  
  28  5:16  Spore Crawler  
  28  5:17  Drone x2  
  28  5:27  Drone x3, Spore Crawler  
  31  5:28  Drone  
  31  5:34  Drone x2  
  33  5:40  Drone x2  
  33  5:42  Drone  
  36  5:45  Drone  
  36  5:47  Drone  
  38  5:50  Drone  
  38  5:51  Drone  
  40  5:58  Overlord  
  40  6:01  Overlord  
  40  6:04  Overlord  
  40  6:07  Drone  
  41  6:16  Queen x2  
  45  6:20  Queen  
  47  6:37  Extractor  
  46  6:41  Spore Crawler  
  45  6:59  Spore Crawler  
  44  7:12  Drone x13  
  57  7:18  Lair  
  57  7:23  Overlord  
  57  7:26  Overlord x2  
  57  7:27  Overlord  
  57  7:33  Extractor  
  57  7:34  Extractor  
  55  7:46  Queen x2  
  59  7:51  Drone x7, Extractor  
  59  7:52  Drone x10  
  75  8:07  Drone  
  75  8:08  Drone x2, Overlord  
  75  8:09  Overlord  
  78  8:20  Hydralisk Den  
  78  8:23  Drone  
  78  8:26  Drone x3  
  82  8:27  Drone  
  82  8:28  Baneling Nest  
  82  8:31  Drone  
  82  8:35  Queen  
  82  8:36  Hatchery  
  83  8:50  Drone  
  83  8:53  Muscular Augments  
  84  8:57  Drone x2  
  84  8:58  Evolution Chamber x2  
  84  9:20  Hatchery, Extractor  
  84  9:23  Extractor  
  81  9:24  Zerg Missile Weapons Level 1  
  81  9:25  Zerg Ground Armor Level 1  
  79  9:39  Zergling x4, Hydralisk x2  
  79  9:40  Hydralisk x6  
  79  9:43  Overlord x6  
  97  9:48  Centrifugal Hooks  
  97  9:50  Drone  
  97  9:51  Drone x3  
  97  9:52  Extractor  
  100  9:53  Hydralisk x2  
  100  9:57  Grooved Spines  
  104  10:07  Hydralisk x3  
  104  10:08  Hydralisk x6  
  104  10:11  Zergling x16  
  130  10:20  Overseer  
  130  10:28  Overlord  
  130  10:29  Overlord  
  130  10:34  Hydralisk x3  
  136  10:36  Zergling x20  
  136  10:39  Baneling x9  
  136  10:40  Baneling  
  146  10:55  Drone x11  
  157  10:57  Queen  
  157  11:01  Overlord  
  159  11:08  Baneling  
  159  11:09  Baneling x14  
  159  11:11  Hydralisk  
  161  11:27  Zergling x12  
  161  11:28  Zergling x16  
  161  11:31  Zerg Melee Weapons Level 1  
  161  11:32  Zerg Missile Weapons Level 2  
  175  11:43  Drone x3  
  165  12:05  Hatchery  
  151  12:10  Zergling x2  
  151  12:11  Zergling x44  
  157  12:21  Zergling x2  
  157  12:22  Zergling x12  
  113  12:45  Hydralisk  
  113  12:46  Hydralisk x13  
  127  12:58  Hydralisk  
  127  12:59  Hydralisk x9  
  147  13:10  Overseer x2  
  147  13:12  Hydralisk x6  
  149  13:21  Zergling x6  
  149  13:22  Zergling x10  
  120  13:42  Zergling x2  
  120  13:43  Zergling x30  
  127  13:58  Drone x5  
  127  13:59  Drone x4  
  127  14:00  Drone  
  127  14:01  Drone x3  
  127  14:02  Drone  
  141  14:03  Queen  
  141  14:06  Hydralisk, Extractor, Queen x2  
  141  14:07  Hydralisk x3  
  154  14:18  Queen  
  153  14:35  Spire  
  152  14:47  Drone x6  
  152  14:51  Baneling x8  
  152  14:52  Baneling x25  
  158  14:53  Zergling x2  
  158  14:54  Zergling x30  
  158  14:55  Zergling x2  
  175  15:14  Zergling x6  
  175  15:15  Zergling x2  
  159  15:40  Zergling x2  
  155  15:44  Overlord x3  
  155  15:45  Overlord x3  
  154  15:57  Overlord x2  
  153  15:58  Corruptor  
  155  16:05  Overlord  
  155  16:06  Corruptor  
  155  16:07  Corruptor x16  
  185  16:30  Corruptor  
  185  16:31  Corruptor x4  
  185  16:35  Hydralisk x2  
  185  16:38  Zergling x24  
  136  17:01  Corruptor  
  136  17:02  Zergling x2, Corruptor x3  
  136  17:04  Hydralisk  
  136  17:05  Hydralisk  
  147  17:14  Hatchery  
  146  17:22  Infestation Pit  
  145  17:38  Hatchery  
  137  17:45  Hydralisk x3  
  137  17:46  Hydralisk x9  
  137  17:48  Zergling x2  
  137  17:49  Zergling x4  
  162  18:13  Zergling x24  
  162  18:14  Zergling x10  
  179  18:24  Corruptor x2  
  168  18:39  Hydralisk x6  
Tags
 
Add a new tag
Caveats
  • Supply blocks, unpowered buildings, or Contaminate may cause inaccurate times.
  • Supply counts are checked every 10 seconds.